 Dungeon Crawl Stone Soup version 0.30-a0-989-g0d87f670db (webtiles) character file.

Game seed: 16504550201532941166

105 MacCMillion the Shooter (level 4, -11/36 HPs)
             Began as a Demigod Hunter on Apr 4, 2023.
             Killed from afar by Ijyb (16 damage)
             ... with a bolt of dispelling energy
             ... on level 3 of the Dungeon.
             The game lasted 00:04:05 (1685 turns).

MacCMillion the Shooter (Demigod Hunter)            Turns: 1685, Time: 00:04:06

Health: -11/36     AC:  3    Str: 12    XL:     4   Next: 29%
Magic:  6/6        EV: 12    Int: 11    God:
Gold:   90         SH:  0    Dex: 21    Spells: 3/3 levels left

rFire   . . .      SeeInvis .    a - +0 shortbow
rCold   . . .      Faith    .    (shield currently unavailable)
rNeg    . . .      Spirit   .    c - +0 leather armour
rPois   .          Reflect  .    (no helmet)
rElec   .          Rampage  .    (no cloak)
rCorr   .                        (no gloves)
Will    .....                    (no boots)
Stlth   ++                       (no amulet)
HPRegen 0.26/turn                (no ring)
MPRegen 0.10/turn                (no ring)

@: no status effects
A: high MP 1, forlorn, divine attributes
a: no special abilities


You were on level 3 of the Dungeon.
You visited 1 branch of the dungeon, and saw 3 of its levels.
You also visited: Sewer.

You collected 90 gold pieces.

Inventory:

Hand Weapons
 a - a +0 shortbow (weapon)
Armour
 c - a +0 leather armour (worn)
Scrolls
 b - a scroll of immolation
 d - 2 scrolls of fear {unknown}
 e - a scroll of acquirement {unknown}
 f - 2 scrolls of vulnerability {unknown}
 j - a scroll of brand weapon {unknown}
 k - a scroll of fog {unknown}
 l - a scroll of blinking {unknown}
 o - a scroll of enchant weapon {unknown}
 q - a scroll of amnesia {unknown}
 s - a scroll of magic mapping {unknown}
Potions
 g - a potion of invisibility {unknown}
 h - 3 potions of lignification {unknown}
 i - 2 potions of cancellation {unknown}
 m - 2 potions of ambrosia {unknown}
 n - a potion of curing
 p - a potion of heal wounds {unknown}
 r - a potion of brilliance {unknown}


   Skills:
 - Level 1.7 Fighting
 + Level 5.2 Ranged Weapons
 - Level 1.7 Dodging
 - Level 2.0 Stealth


You had 3 spell levels left.
You didn't know any spells.
Your spell library was empty.

Dungeon Overview and Level Annotations

Branches:
Dungeon (3/15)              Sewer (visited)

Annotations:
D:3 Ijyb, Terence


Innate Abilities, Weirdness & Mutations

You have an increased reservoir of magic. (+10% MP)
You shall have no god before yourself.
Your divine heritage dramatically boosts your attributes as you level up.


Message History

There is a collapsed entrance here.
You shoot an arrow.
The arrow completely misses the ball python.
The ball python hisses angrily.
You shoot an arrow. The arrow hits the ball python!
You kill the ball python!
No target in view!
You enter the shallow water.
Moving in this stuff is going to be slow.
You now have 90 gold pieces (gained 10).
You open the door.
Ijyb the Twisted Goblin comes into view.
She is wielding a +0 dagger and carrying a wand of quicksilver (5).
Ijyb shouts!
You hear a shout!
Found a scroll labelled FAODAI ARUDIEHAI.
You shoot an arrow. The arrow hits Ijyb!
Ijyb is heavily wounded.
Ijyb zaps a wand.
The bolt of dispelling energy hits you!
You shoot an arrow. The arrow hits Ijyb.
Ijyb is severely wounded.
Ijyb zaps a wand.
The bolt of dispelling energy hits you!
You are too injured to fight recklessly!
Fire: a) +0 shortbow
Press: ? - help, Q - select action Shift-Dir - straight line, f/p - Ijyb
Aim: Ijyb, wielding a +0 dagger, wearing a +0 leather armour and carrying a wand of quicksilver (3) (severely wounded, 58% to hit)
You shoot an arrow. The arrow hits Ijyb.
Ijyb is almost dead.
Ijyb drinks a potion.
Ijyb is healed!
Fire: a) +0 shortbow
Press: ? - help, Q - select action Shift-Dir - straight line, f/p - Ijyb
Aim: Ijyb, wielding a +0 dagger, wearing a +0 leather armour and carrying a wand of quicksilver (3) (severely wounded, 58% to hit)
You shoot an arrow. The arrow barely misses Ijyb.
Ijyb zaps a wand.
The bolt of dispelling energy hits you!
* * * LOW HITPOINT WARNING * * *
Fire: a) +0 shortbow
Press: ? - help, Q - select action Shift-Dir - straight line, f/p - Ijyb
Aim: Ijyb, wielding a +0 dagger, wearing a +0 leather armour and carrying a wand of quicksilver (2) (severely wounded, 58% to hit)
You shoot an arrow. The arrow hits Ijyb.
Ijyb is severely wounded.
Ijyb zaps a wand.
The bolt of dispelling energy hits you!
You die...

.# ####.# ##....#
#..?g. #.... ...
#'# #@# #.# #.#
#.# #.# #.# #.#
#.################
#.................


You could see Ijyb.

Vanquished Creatures
  A hell rat (Sewer)
  An adder (D:3)
  3 river rats (Sewer)
  A dart slug (D:1)
  A ball python (D:3)
  5 endoplasms
  7 giant cockroaches
  3 hobgoblins
  4 quokkas
  2 bats
  A frilled lizard (D:2)
  2 goblins
  6 kobolds
  8 rats
45 creatures vanquished.

Notes
Turn   | Place    | Note
-------+----------+-------------------------------------------
     0 | D:1      | MacCMillion the Demigod Hunter began the quest for the Orb.
     0 | D:1      | Reached XP level 1. HP: 17/17 MP: 3/3
    21 | D:1      | Reached skill level 1 in Stealth
   229 | D:1      | Reached XP level 2. HP: 24/24 MP: 4/4
   743 | D:2      | Reached skill level 4 in Ranged Weapons
  1122 | D:3      | Noticed Terence
  1233 | D:3      | Reached XP level 3. HP: 29/29 MP: 5/5
  1498 | D:3      | Found a glowing drain.
  1518 | Sewer    | Entered a sewer
  1584 | Sewer    | Reached XP level 4. HP: 36/36 MP: 6/6
  1604 | Sewer    | Reached skill level 5 in Ranged Weapons
  1680 | D:3      | Noticed Ijyb
  1685 | D:3      | Killed from afar by Ijyb

Illustrated notes

Levels and vault maps discovered:
D:1:      dpeg_arrival_stone_temple_mockup, layout_basic, st_stairs_13
D:2:      layout_basic
D:3:      layout_basic, yredelemnul_forgotten_temple_becter,
          mainiacjoe_overflow_24_doors, portal_sewer_entry_f, st_stairs_1,
          uniq_ijyb, uniq_terence

Skill      XL: |  1  2  3  4 |
---------------+-------------+-----
Stealth        | 1 2 |  2.0
Ranged Weapons | 4 5 |  5.2
Fighting       | |  1.7
Dodging        | |  1.7

Action                     |  1- 3 |  4- 6 || total
---------------------------+-------+-------++-------
   Fire: Shortbow          |    95 |     9 ||   104
 Armour: Leather armour    |     1 |       ||     1
  Dodge: Dodged            |     8 |       ||     8

Table legend: (Time is in decaauts)
 A = Elapsed time spent in this place.
 B = Non-inter-level travel time spent in this place.
 C = Inter-level travel time spent in this place.
 D = Time resting spent in this place.
 E = Time spent auto-exploring this place.
 F = Levels seen in this place.
 G = Mean time per level.
                   A        B        C        D        E       F      G
               +--------+--------+--------+--------+--------+-----+--------+
         Total |   1732 |   1587 |    145 |     31 |   1042 |   4 |  433.0 |
       Dungeon |   1607 |   1462 |    145 |      0 |   1026 |   3 |  535.7 |
         Sewer |    124 |    124 |      0 |     31 |     16 |   1 |  124.0 |
               +--------+--------+--------+--------+--------+-----+--------+

Top non-repeatable levels by time:
     D:1: 740 daAuts
     D:3: 470 daAuts
     D:2: 396 daAuts
   Sewer: 124 daAuts
